 Dungeon Crawl Stone Soup version 0.30.0-13-g156ef70053 (webtiles) character file.

Game seed: 16073157677333331509

104 sasquatch the Magician (level 5, -1/38 HPs)
             Began as a Djinni Fire Elementalist on May 18, 2023.
             Slain by Terence
             ... wielding a +4 heavy flail
              (15 damage)
             ... on level 2 of the Dungeon.
             The game lasted 00:02:15 (1309 turns).

sasquatch the Magician (Djinni Fire Elementalist)   Turns: 1309, Time: 00:02:16

Health: -1/38      AC:  2    Str:  7    XL:     5   Next: 7%
Gold:   76         EV:  9    Int: 19    God:
                   SH:  0    Dex: 13

rFire   + + .        d - +1 whip (vamp)
rCold   x . .        (no shield)
rNeg    . . .        a - +0 robe
rPois   ∞            (no helmet)
rElec   .            (no cloak)
rCorr   .            (no gloves)
SInv    .            (boots unavailable)
Will    .....        (no amulet)
Stlth   ++           (no ring)
HPRegen 0.26/turn    (no ring)
MPRegen 0.00/turn

%: infuse magic (-2 HP)
@: flying, constricted
A: sickness immunity, fire resistance 2, cold vulnerability 1, float, innate
caster, HP casting, extra vitality 1
a: no special abilities


You were on level 2 of the Dungeon.
You visited 1 branch of the dungeon, and saw 2 of its levels.

You collected 76 gold pieces.

Inventory:

Hand Weapons
 d - a +1 vampiric whip (weapon)
Armour
 a - a +0 robe (worn)
 c - a +0 leather armour
 h - a +0 ring mail
Scrolls
 e - 2 scrolls of noise {unknown}
 j - 2 scrolls of amnesia {unknown}
 k - a scroll of fear {unknown}
 l - a scroll of enchant armour {unknown}
 n - a scroll of teleportation {unknown}
Potions
 b - a potion of berserk rage {unknown}
 f - a potion of curing
 g - a potion of heal wounds {unknown}
 i - a potion of might {unknown}
 m - a potion of degeneration {unknown}


   Skills:
 + Level 2.2 Fighting
 - Level 2.1 Dodging
 - Level 1.5 Stealth
 * Level 3.6 Spellcasting


You knew the following spells:

 Your Spells              Type           Power      Damage    Failure   Level
a - Foxfire               Conj/Fire      68%        2x1d7     3%          1
b - Scorch                Fire           34%        2d6       4%          2
c - Volatile Blastmotes   Fire/Tloc      34%        2d12      10%         3
d - Inner Flame           Hex/Fire       17%        N/A       10%         3
e - Flame Wave            Conj/Fire      17%        2d7       30%         4
f - Magic Dart            Conj           68%        1d6       3%          1
g - Static Discharge      Conj/Air       34%        2-4/arc   4%          2
Your spell library was empty.

Dungeon Overview and Level Annotations

Branches:
Dungeon (2/15)

Altars:

Annotations:
D:2 Terence


Innate Abilities, Weirdness & Mutations

You are immune to sickness and miasma.
You are immune to poison.
Your flesh is very heat resistant. (rF++)
You are vulnerable to cold. (rC-)
You float through the air rather than walking.
You learn spells naturally, not from books.
Your magical power is your life essence.
You have superior vitality. (+4 MHP)


Message History

Casting: Foxfire (safe; 3% risk of failure)
Press: ? - help, Q - select action, (/) - cycle Dir - look around, f - activate You conjure some foxfire!
A ball python comes into view.
Terence hits you with a +4 heavy flail!
Casting: Foxfire (safe; 3% risk of failure)
Confirm with . or Enter, or press ? or * to list all spells.
Flames lash Terence.
Terence is moderately wounded.
Terence's fire resistance burns away.
The foxfire hits Terence but does no damage.
Terence is moderately wounded.
The foxfire hits Terence but does no damage.
Terence is moderately wounded.
Casting: Foxfire (safe; 3% risk of failure)
Press: ? - help, Q - select action, (/) - cycle Dir - look around, f - activate You conjure some foxfire!
Terence hits you with a +4 heavy flail.
Your foxfire dissipates!
Terence is no longer more vulnerable to fire.
The ball python barely misses you. The ball python closely misses you.
Casting: Foxfire (safe; 3% risk of failure)
Confirm with . or Enter, or press ? or * to list all spells.
Flames lash Terence.
Terence is severely wounded.
Terence's fire resistance burns away.
* * * LOW HITPOINT WARNING * * *
The ball python bites you.
* * * LOW HITPOINT WARNING * * *
The ball python grabs you. The ball python constricts you.
* * * LOW HITPOINT WARNING * * *
Terence barely misses you.
It was a potion of curing.
You feel better. The ball python barely misses you.
The ball python constricts you. The ball python closely misses you.
The ball python constricts you.
Casting: Foxfire (safe; 3% risk of failure)
Press: ? - help, Q - select action, (/) - cycle Dir - look around, f - activate You conjure some foxfire!
Terence hits you with a +4 heavy flail!
You die...

..# #.#### ..#
##.# ..# ##..#
..# #########
##..##
..###.......#
####..##
#.....#####+#
#....###
####..#
#......# #..#
########......#
#..#
#v@v#.........#
##.#
#S#@..###.....#
#.# #.....v.###
#.....#
#.#########.#.#
#.....#
#.........#.#.#
#.....#
#.##......#....
....###
#.......>....##
####.#
####.....####
.# #.'.....#


You could see Terence (combustible, ally target) and a ball python (ally
target).

Vanquished Creatures
  4 gnolls
  3 adders (D:2)
  A worm (D:2)
  A dart slug (D:1)
  3 endoplasms
  A giant cockroach (D:2)
  2 goblins (D:1)
  A hobgoblin (D:1)
  3 quokkas
  4 ball pythons
  10 bats
  A frilled lizard (D:1)
  2 kobolds (D:2)
  3 rats
39 creatures vanquished.

Vanquished Creatures (others)
  125 foxfires
125 creatures vanquished.

Grand Total: 164 creatures vanquished

Notes
Turn   | Place    | Note
-------+----------+-------------------------------------------
     0 | D:1      | sasquatch the Djinni Fire Elementalist began the quest for
                  | the Orb.
     0 | D:1      | sasquatch set off with the following spells memorised:
                  | Foxfire, Scorch, Volatile Blastmotes, Inner Flame, Flame
                  | Wave.
     0 | D:1      | Reached XP level 1. HP: 15/15 MP: 0/0
   108 | D:1      | Reached skill level 1 in Fighting
   108 | D:1      | Reached XP level 2. HP: 17/22 MP: 0/0
   241 | D:1      | Reached XP level 3. HP: 24/27 MP: 0/0
   241 | D:1      | Learned a level 1 spell: Magic Dart
   315 | D:1      | Reached skill level 3 in Spellcasting
   924 | D:2      | Reached XP level 4. HP: 25/33 MP: 0/0
  1160 | D:2      | Reached XP level 5. HP: 33/38 MP: 0/0
  1160 | D:2      | Learned a level 2 spell: Static Discharge
  1300 | D:2      | Noticed Terence
  1309 | D:2      | Slain by Terence

Illustrated notes

Levels and vault maps discovered:
D:1:      ncdulo_smallfort, layout_basic
D:2:      layout_basic, hellmonk_ecumenical_altar_watching_god, uniq_terence

Skill      XL: |  1  2  3  4 |
---------------+-------------+-----
Fighting       | 1 2 |  2.2
Spellcasting   | 3 |  3.6
Dodging        | |  2.1
Stealth        | |  1.5

Action                     |  1- 3 |  4- 6 || total
---------------------------+-------+-------++-------
  Melee: Whip              |     1 |       ||     1
   Cast: Foxfire           |    49 |    33 ||    82
         Scorch            |     1 |     6 ||     7
    Use: Potion            |       |     1 ||     1
 Armour: Robe              |     1 |       ||     1
  Dodge: Dodged            |     9 |     6 ||    15
